UAA
WESTWOOD SIXSHOOTERS @ RICHLAND RAILS
08/27/2017
 
TOP OF THE 1ST
Westwood Sixshooters batting - Pitching for Richland Rails : RHP Tim Gordon
Pitching: RHP Tim Gordon
Batting: LHB Brian Boone 0-0: SINGLE (Groundball, 13) (infield hit)
Batting: LHB Randy Bowen 0-0: Ball
1-0: Called Strike
1-1: Foul Ball, location: 2F
1-2: Fly out, F7 (Flyball, 78M)
Batting: RHB Michael Riley 0-0: Ball
Brian Boone steals 2nd base
1-0: SINGLE (Groundball, 4D)
Brian Boone to third
Runner from 3rd tries for Home, SAFE, no throw or cutoff
Batting: RHB Ángel Bruno 0-0: Called Strike
0-1: Ball
1-1: Ball
2-1: Grounds into double play, 5-4-3 (Groundball, 5)
Top of the 1st over - 1 run(s), 2 hit(s), 0 error(s), 0 left on base; Westwood 1 - Richland 0
BOTTOM OF THE 1ST
Richland Rails batting - Pitching for Westwood Sixshooters : LHP Alberto Sánchez
Pitching: LHP Alberto Sánchez
Batting: RHB Alexis Smeddon 0-0: Foul Ball, location: 2F
0-1: Foul Ball, location: 2F
0-2: Ground out 5-3 (Groundball, 56S)
Batting: RHB Larry Brown 0-0: Called Strike
0-1: Swinging Strike
0-2: Ball
1-2: Ball
2-2: Ball
3-2: Strikes out swinging
Batting: RHB Miguel Vidro 0-0: Foul Ball, location: 2F
0-1: Ball
1-1: Foul Ball, location: 2F
1-2: Ball
2-2: Strikes out swinging
Bottom of the 1st over - 0 run(s), 0 hit(s), 0 error(s), 0 left on base; Westwood 1 - Richland 0
TOP OF THE 2ND
Westwood Sixshooters batting - Pitching for Richland Rails : RHP Tim Gordon
Batting: LHB Chris Whiteside 0-0: Ball
1-0: Ball
2-0: Foul Ball, location: 2F
2-1: Called Strike
2-2: Foul Ball, location: 2F
2-2: Foul Ball, location: 2F
2-2: Strikes out swinging
Batting: RHB Bob Howells 0-0: Ball
1-0: Swinging Strike
1-1: Ball
2-1: Ground out 5-3 (Groundball, 56)
Batting: RHB Hunter Wilson 0-0: Called Strike
0-1: Ball
1-1: Ball
2-1: Ball
3-1: Swinging Strike
3-2: Foul Ball, location: 2F
3-2: Strikes out looking
Top of the 2nd over - 0 run(s), 0 hit(s), 0 error(s), 0 left on base; Westwood 1 - Richland 0
BOTTOM OF THE 2ND
Richland Rails batting - Pitching for Westwood Sixshooters : LHP Alberto Sánchez
Batting: RHB Gustavo Berrios 0-0: Ball
1-0: Ground out 6-3 (Groundball, 56)
Batting: SHB Raymond Bright 0-0: Foul Ball, location: 2F
0-1: Ball
1-1: DOUBLE (Line Drive, 8LM) - OUT at third base trying to stretch hit.
Batting: RHB Andrew Hall 0-0: Ball
1-0: Ball
2-0: Foul Ball, location: 2F
2-1: Ground out 6-3 (Groundball, 6)
Bottom of the 2nd over - 0 run(s), 1 hit(s), 0 error(s), 0 left on base; Westwood 1 - Richland 0
TOP OF THE 3RD
Westwood Sixshooters batting - Pitching for Richland Rails : RHP Tim Gordon
Batting: RHB Dave Sterling 0-0: Ball
1-0: Ball
2-0: Ball
3-0: Called Strike
3-1: Called Strike
3-2: Foul Ball, location: 2F
3-2: Foul Ball, location: 2F
3-2: SINGLE (Groundball, 6M)
Batting: RHB Pedro Cortés 0-0: Ball
1-0: Called Strike
1-1: Foul Ball, location: 2F
1-2: Ball
2-2: Foul Ball, location: 2F
2-2: Strikes out swinging
Batting: LHB Brian Boone 0-0: Ball
1-0: Swinging Strike
1-1: Foul Ball, location: 2F
1-2: Foul Ball, location: 2F
1-2: Strikes out swinging
Batting: LHB Randy Bowen 0-0: Called Strike
0-1: Fly out, F7 (Popup, 7LS)
Top of the 3rd over - 0 run(s), 1 hit(s), 0 error(s), 1 left on base; Westwood 1 - Richland 0
BOTTOM OF THE 3RD
Richland Rails batting - Pitching for Westwood Sixshooters : LHP Alberto Sánchez
Batting: SHB Shelby Reusch 0-0: Ball
1-0: Ball
2-0: Ball
3-0: Called Strike
3-1: Foul Ball, location: 2F
3-2: Ground out 5-3 (Groundball, 56)
Batting: RHB Jimmy DeWitt 0-0: Called Strike
0-1: Ball
1-1: Foul Ball, location: 2F
1-2: Foul Ball, location: 2F
1-2: Ball
2-2: Strikes out swinging
Batting: RHB Jack Davis 0-0: Ground out 6-3 (Groundball, 6M)
Bottom of the 3rd over - 0 run(s), 0 hit(s), 0 error(s), 0 left on base; Westwood 1 - Richland 0
TOP OF THE 4TH
Westwood Sixshooters batting - Pitching for Richland Rails : RHP Tim Gordon
Batting: RHB Michael Riley 0-0: Ground out 5-3 (Groundball, 15S)
Batting: RHB Ángel Bruno 0-0: Called Strike
0-1: Ball
1-1: Fly out, F8 (Flyball, 8LM)
Batting: LHB Chris Whiteside 0-0: Ball
1-0: SINGLE (Groundball, 6MD)
Batting: RHB Bob Howells 0-0: Ball
Chris Whiteside steals 2nd base
1-0: Called Strike
1-1: SINGLE (Line Drive, 89S)
Chris Whiteside to third
Runner from 3rd tries for Home, SAFE, no throw or cutoff
Batting: RHB Hunter Wilson 0-0: Called Strike
0-1: Ball
1-1: SINGLE (Groundball, 34)
Bob Howells to second
Runner from 2nd tries for 3rd, SAFE, throw made to third
Batting: RHB Dave Sterling 0-0: Foul Ball, location: 2F
0-1: Ball
1-1: Foul Ball, location: 2F
1-2: Ball
2-2: SINGLE (Flyball, 8RS)
Bob Howells scores
Hunter Wilson to second
Batting: RHB Pedro Cortés 0-0: Ball
1-0: Called Strike
1-1: SINGLE (Groundball, 5D)
Hunter Wilson to third
Dave Sterling to second
Runner from 3rd tries for Home, SAFE, no throw or cutoff
Batting: LHB Brian Boone 0-0: Ball
1-0: Ball
2-0: Called Strike
2-1: Called Strike
2-2: Foul Ball, location: 2F
2-2: Fly out, F9 (Line Drive, 9M)
Top of the 4th over - 3 run(s), 5 hit(s), 0 error(s), 2 left on base; Westwood 4 - Richland 0
BOTTOM OF THE 4TH
Richland Rails batting - Pitching for Westwood Sixshooters : LHP Alberto Sánchez
Batting: RHB Alexis Smeddon 0-0: Ball
1-0: Called Strike
1-1: Ball
2-1: Called Strike
2-2: Foul Ball, location: 2F
2-2: Foul Ball, location: 2F
2-2: SINGLE (Line Drive, 6M)
Batting: RHB Larry Brown 0-0: SINGLE (Line Drive, 6MD)
Alexis Smeddon to second
Batting: RHB Miguel Vidro 0-0: Ball
1-0: Swinging Strike
1-1: Ball
2-1: Fly out, F9 (Flyball, 89M)
Batting: RHB Gustavo Berrios 0-0: Grounds into double play, U5-3 (Groundball, 5L)
Bottom of the 4th over - 0 run(s), 2 hit(s), 0 error(s), 1 left on base; Westwood 4 - Richland 0
TOP OF THE 5TH
Westwood Sixshooters batting - Pitching for Richland Rails : RHP Tim Gordon
Batting: LHB Randy Bowen 0-0: Ball
1-0: Called Strike
1-1: SINGLE (Groundball, 5D)
Batting: RHB Michael Riley 0-0: Called Strike
0-1: Called Strike
0-2: Ball
1-2: Grounds into double play, 4-6-3 (Groundball, 4)
Batting: RHB Ángel Bruno 0-0: Ball
1-0: Foul Ball, location: 2F
1-1: Ball
2-1: Ball
3-1: Foul Ball, location: 2F
3-2: Ground out 4-3 (Groundball, 4)
Top of the 5th over - 0 run(s), 1 hit(s), 0 error(s), 0 left on base; Westwood 4 - Richland 0
BOTTOM OF THE 5TH
Richland Rails batting - Pitching for Westwood Sixshooters : LHP Alberto Sánchez
Batting: SHB Raymond Bright 0-0: Ball
1-0: SINGLE (Groundball, 56D)
Batting: RHB Andrew Hall 0-0: Called Strike
0-1: Ball
1-1: Ball
2-1: Ball
3-1: Grounds into double play, 6-4-3 (Groundball, 56)
Batting: SHB Shelby Reusch 0-0: Foul Ball, location: 2F
0-1: Ball
1-1: Swinging Strike
1-2: Foul Ball, location: 2F
1-2: Foul Ball, location: 2F
1-2: Ball
2-2: Ground out 5-3 (Groundball, 5L)
Bottom of the 5th over - 0 run(s), 1 hit(s), 0 error(s), 0 left on base; Westwood 4 - Richland 0
TOP OF THE 6TH
Westwood Sixshooters batting - Pitching for Richland Rails : RHP Tim Gordon
Batting: LHB Chris Whiteside 0-0: Ball
1-0: Called Strike
1-1: Ball
2-1: Foul Ball, location: 2F
2-2: Foul Ball, location: 2F
2-2: Strikes out swinging
Batting: RHB Bob Howells 0-0: Ball
1-0: Ball
2-0: SINGLE (Line Drive, 34)
Batting: RHB Hunter Wilson 0-0: Called Strike
0-1: Ball
1-1: Ball
2-1: Ball
3-1: Grounds into double play, 5-4-3 (Groundball, 56)
Top of the 6th over - 0 run(s), 1 hit(s), 0 error(s), 0 left on base; Westwood 4 - Richland 0
BOTTOM OF THE 6TH
Richland Rails batting - Pitching for Westwood Sixshooters : LHP Alberto Sánchez
Batting: RHB Jimmy DeWitt 0-0: Ground out 5-3 (Groundball, 5)
Batting: RHB Jack Davis 0-0: Ball
1-0: Called Strike
1-1: Ball
2-1: Called Strike
2-2: Fly out, F9 (Line Drive, 89M)
Batting: RHB Alexis Smeddon 0-0: Ball
1-0: Ball
2-0: Called Strike
2-1: Swinging Strike
2-2: Foul Ball, location: 2F
2-2: Ball
3-2: Strikes out swinging
Bottom of the 6th over - 0 run(s), 0 hit(s), 0 error(s), 0 left on base; Westwood 4 - Richland 0
TOP OF THE 7TH
Westwood Sixshooters batting - Pitching for Richland Rails : RHP Tim Gordon
Batting: RHB Dave Sterling 0-0: Ball
1-0: Called Strike
1-1: Ball
2-1: Fly out, F7 (Line Drive, 7M)
Batting: RHB Pedro Cortés 0-0: Ball
1-0: SOLO HOME RUN (Flyball, 7D), Distance : 355 ft
Pitching: RHP Horace McKenzie
Batting: LHB Brian Boone 0-0: Ground out 6-3 (Groundball, 6M)
Batting: LHB Randy Bowen 0-0: Ball
1-0: Foul Ball, location: 2F
1-1: Swinging Strike
1-2: Strikes out swinging
Top of the 7th over - 1 run(s), 1 hit(s), 0 error(s), 0 left on base; Westwood 5 - Richland 0
BOTTOM OF THE 7TH
Richland Rails batting - Pitching for Westwood Sixshooters : LHP Alberto Sánchez
Batting: RHB Larry Brown 0-0: Ball
1-0: Fly out, F7 (Line Drive, 78S)
Batting: RHB Miguel Vidro 0-0: Fly out, F4 (Line Drive, 4)
Batting: RHB Gustavo Berrios 0-0: Ball
1-0: Ball
2-0: Ball
3-0: Called Strike
3-1: Foul Ball, location: 2F
3-2: SINGLE (Groundball, 6MD)
Batting: SHB Raymond Bright 0-0: Ball
1-0: Ball
2-0: Ball
3-0: Foul Ball, location: 2F
3-1: Called Strike
3-2: Base on Balls
Gustavo Berrios to second
Batting: RHB Andrew Hall 0-0: Called Strike
0-1: Ball
1-1: SINGLE (Line Drive, 3)
Gustavo Berrios to third
Raymond Bright to second
Runner from 3rd tries for Home, throw and OUT!
Bottom of the 7th over - 0 run(s), 2 hit(s), 0 error(s), 2 left on base; Westwood 5 - Richland 0
TOP OF THE 8TH
Westwood Sixshooters batting - Pitching for Richland Rails : RHP Horace McKenzie
Batting: RHB Michael Riley 0-0: Called Strike
0-1: Swinging Strike
0-2: Ball
1-2: Ball
2-2: Ball
3-2: Base on Balls
Batting: RHB Ángel Bruno 0-0: Ball
1-0: Fly out, F8 (Flyball, 8LM)
Batting: LHB Chris Whiteside 0-0: Called Strike
0-1: Ball
1-1: Called Strike
1-2: Ball
2-2: Strikes out looking
Batting: RHB Bob Howells 0-0: SINGLE (Groundball, 6)
Michael Riley to second
Batting: RHB Hunter Wilson 0-0: Ball
1-0: Foul Ball, location: 2F
1-1: Swinging Strike
1-2: Ball
2-2: Ball
3-2: Foul Ball, location: 2F
3-2: DOUBLE (Line Drive, 8RXD)
Michael Riley scores
Bob Howells to third
Bob Howells scores
Batting: RHB Dave Sterling 0-0: Ball
1-0: Ground out 6-3 (Groundball, 6)
Top of the 8th over - 2 run(s), 2 hit(s), 0 error(s), 1 left on base; Westwood 7 - Richland 0
BOTTOM OF THE 8TH
Richland Rails batting - Pitching for Westwood Sixshooters : LHP Alberto Sánchez
Batting: SHB Shelby Reusch 0-0: Called Strike
0-1: Swinging Strike
0-2: Ball
1-2: Ball
2-2: Ground out 4-3 (Groundball, 13)
Batting: RHB Jimmy DeWitt 0-0: Ball
1-0: DOUBLE (Line Drive, 8RM)
Batting: RHB Jack Davis 0-0: Swinging Strike
0-1: Ball
1-1: Foul Ball, location: 2F
1-2: Ball
2-2: Fly out, F8 (Flyball, 8LM)
Pitching: RHP Felipe Torres
Batting: RHB Alexis Smeddon 0-0: Ball
1-0: SINGLE (Line Drive, 9S)
Jimmy DeWitt to third
Runner from 3rd tries for Home, SAFE, no throw or cutoff
Batting: RHB Larry Brown 0-0: Ball
1-0: Foul Ball, location: 2F
1-1: Called Strike
1-2: Strikes out swinging
Bottom of the 8th over - 1 run(s), 2 hit(s), 0 error(s), 1 left on base; Westwood 7 - Richland 1
TOP OF THE 9TH
Westwood Sixshooters batting - Pitching for Richland Rails : RHP Horace McKenzie
Pitching: RHP Javier Mora
Batting: RHB Pedro Cortés 0-0: DOUBLE (Line Drive, 7M)
Pitching: RHP Jim Unknown
Batting: LHB Brian Boone 0-0: Called Strike
0-1: Ball
1-1: Ball
2-1: Ball
3-1: Base on Balls
Batting: LHB Randy Bowen 0-0: Called Strike
0-1: Foul Ball, location: 2F
0-2: Strikes out swinging
Batting: RHB Michael Riley 0-0: Ball
1-0: Called Strike
1-1: Swinging Strike
1-2: Grounds into double play, 4-6-3 (Groundball, 4)
Top of the 9th over - 0 run(s), 1 hit(s), 0 error(s), 1 left on base; Westwood 7 - Richland 1
BOTTOM OF THE 9TH
Richland Rails batting - Pitching for Westwood Sixshooters : RHP Felipe Torres
Batting: RHB Miguel Vidro 0-0: Ball
1-0: Ground out 6-3 (Groundball, 6)
Batting: RHB Gustavo Berrios 0-0: Ball
1-0: Ball
2-0: Called Strike
2-1: Ball
3-1: Swinging Strike
3-2: Foul Ball, location: 2F
3-2: Base on Balls
Batting: SHB Raymond Bright 0-0: 2-RUN HOME RUN (Flyball, 9D), Distance : 351 ft
Batting: RHB Andrew Hall 0-0: Ball
1-0: Ball
2-0: Foul Ball, location: 2F
2-1: Called Strike
2-2: Foul Ball, location: 2F
2-2: Strikes out looking
Batting: SHB Shelby Reusch 0-0: Foul Ball, location: 2F
0-1: Ball
1-1: Ball
2-1: TRIPLE (Line Drive, 7LS)
Batting: RHB Jimmy DeWitt 0-0: Ball
1-0: Ball
2-0: Fly out, F3 (Popup, 3S)
Bottom of the 9th over - 2 run(s), 2 hit(s), 0 error(s), 1 left on base; Westwood 7 - Richland 3
This league is powered by Out of the Park Baseball, the baseball management simulation game for PC, Mac and Linux
Saturday, February 27th, 2021 - OOTP Baseball 15.6 Build 34